 Dungeon Crawl Stone Soup version 0.24-a0-373-g39439d8 (webtiles) character file.

Game seed: 16848163303224724347

5096 Kurtz the Basher (level 10, 0/79 HPs)
             Began as a Mummy Chaos Knight on May 31, 2019.
             Was a Plaything of Xom.
             Slain by a killer bee (1 damage)
             ... on level 8 of the Dungeon.
             The game lasted 00:13:32 (9691 turns).

Kurtz the Basher (Mummy Chaos Knight)               Turns: 9691, Time: 00:13:32

Health: 0/79       AC: 14    Str: 16    XL:     10   Next: 32%
Magic:  10/10      EV:  6    Int: 11    God:    Xom [..*...]
Gold:   520        SH:  0    Dex: 15    Spells: 9/9 levels left

rFire    x . .     SeeInvis .   q - +8 whip of Qyusirane {slash, rElec rC+}
rCold    + + .     Gourm    .   (no shield)
rNeg     + + +     Faith    .   x - +0 plate armour
rPois    ∞         Spirit   .   (no helmet)
rElec    +         Reflect  .   k - +0 cloak
rCorr    .         Harm     .   m - +0 pair of gloves
MR       ++...                  u - +0 pair of boots
Stlth    ..........             (no amulet)
HPRegen  0.23/turn              r - ring of protection from magic
MPRegen  0.12/turn              (no ring)

@: no status effects
A: no food or potions, fire vulnerability, cold resistance 1, negative energy
resistance 3, torment resistance, unbreathing
a: Renounce Religion


You were on level 8 of the Dungeon.
You worshipped Xom.
You were a toy of Xom.
You were not hungry.

You visited 1 branch of the dungeon, and saw 8 of its levels.
You also visited: Sewer.

You collected 520 gold pieces.

Inventory:

Hand Weapons
 a - a +1 mace of chaos
 q - the +8 whip of Qyusirane (weapon) {slash, rElec rC+}
   (You found it on level 5 of the Dungeon)

   It inflicts extra damage upon your enemies.
   It protects you from cold.
   It insulates you from electricity.
Missiles
 n - 8 boomerangs
 s - 4 atropa-tipped darts (quivered)
Armour
 b - a +2 leather armour
 k - a +0 cloak (worn)
 m - a +0 pair of gloves (worn)
 t - a +0 chain mail
 u - a +0 pair of boots (worn)
 v - a +0 troll leather armour
 x - a +0 plate armour (worn)
Jewellery
 r - a ring of protection from magic (left hand)
 w - an uncursed ring of ice
Wands
 y - a wand of scattershot (5)
Scrolls
 c - 4 scrolls of teleportation
 d - 2 scrolls of enchant armour {unknown}
 e - 2 scrolls of magic mapping
 f - 4 scrolls of amnesia {unknown}
 g - 9 scrolls of remove curse
 h - 4 scrolls of identify {unknown}
 i - 2 scrolls of blinking {unknown}
 j - 3 scrolls of enchant weapon
 o - a scroll of fog {unknown}
 p - a scroll of fear {unknown}


   Skills:
 * Level 7.1 Fighting
 + Level 10.7 Maces & Flails
 * Level 2.6 Armour
 * Level 4.5 Dodging


You had 9 spell levels left.
You didn't know any spells.
Your spell library contained the following spells:

 Spells                   Type           Power        Failure   Level  Hunger
 Animate Skeleton         Necr           N/A          100%        1    N/A
 Pain                     Necr           #...         100%        1    N/A
 Sticks to Snakes         Tmut           #.......     100%        2    N/A
 Vampiric Draining        Necr           #.........   100%        3    N/A
 Animate Dead             Necr           N/A          100%        4    N/A
 Beastly Appendage        Tmut           Unusable     N/A         1    N/A
 Regeneration             Chrm/Necr      Unusable     N/A         3    N/A
 Spider Form              Tmut/Pois      Unusable     N/A         3    N/A
 Ice Form                 Ice/Tmut       Unusable     N/A         4    N/A
 Blade Hands              Tmut           Unusable     N/A         5    N/A

Dungeon Overview and Level Annotations

Branches:
Dungeon (8/15)             Temple (0/1) D:4
   Lair: D:8-11

Altars:
Ashenzari
Dithmenos
Elyvilon
Makhleb
Nemelex Xobeh
Sif Muna
Vehumet
Xom
Yredelemnul

Annotations:
D:8 Harold


Innate Abilities, Weirdness & Mutations

You do not eat or drink.
Your flesh is vulnerable to fire.
You are immune to poison.
Your flesh is cold resistant. (rC+)
You are immune to negative energy. (rN+++)
You are immune to unholy pain and torment.
You can survive without breathing.


Message History

Harold grumbles, "Just give up already, I want to go home!"
Harold hits you from afar with a +1 trident of protection!
* * * LOW HITPOINT WARNING * * *
The killer bee stings you but does no damage.
You hear an angry buzzing noise.
You shred the net and break free!
You hear a shout!
The killer bee barely misses you.
The killer bee stings you but does no damage.
A killer bee comes into view.
The killer bee stings you but does no damage.
The giant cockroach barely misses you. The killer bee stings you.
* * * LOW HITPOINT WARNING * * *
Harold hits you from afar with a +1 trident of protection!
* * * LOW HITPOINT WARNING * * *
An orc comes into view. It is wielding a +0 club.
You hear a shout! x2
The killer bee stings you.
You die...
Xom giggles madly!

.#.# #..# .# .#.# #.##
#.# #. [#(# #.# #.## #.
...#####.#####.. ?.##
##....##.....#.# ...
##.#...#.....#.# #.##
#..............# ##...#
. #..............###s.#
##.#
#............#..@yy##
..c.
####...###.#######y.#..#
##.## #y#....y.y@..# #.#
#.#.#######.## #(# #y#
o# ##(####.# >#
#<.%..#.# .o ###...###
## ....


o You could see Harold, 3 killer bees and a giant cockroach.

Vanquished Creatures
  A two-headed ogre (D:7)
  A deep elf mage (D:7)
  A slime creature (D:7)
  A hungry ghost (D:7)
  Menkaure (D:8)
  3 orc warriors
  2 sky beasts
  A necrophage (D:8)
  A phantom (D:5)
  An ice beast (D:8)
  5 ogres
  3 centaurs
  2 big kobolds
  4 bullfrogs
  3 scorpions
  4 killer bees (D:7)
  3 howler monkeys
  A crimson imp (D:6)
  3 jellies (D:2)
  3 hounds
  An orc priest (D:3)
  6 orc wizards
  A bullfrog skeleton (D:6)
  2 centaur skeletons
  3 iguanas
  8 worker ants
  6 gnolls (D:3)
  A howler monkey skeleton (D:7)
  11 adders
  6 river rats
  3 shadow imps
  9 oozes (D:2)
  An adder zombie (D:7)
  An adder skeleton (D:4)
  4 worms
  3 dart slugs
  2 leopard geckos
  21 orcs
  8 giant cockroaches
  10 goblins
  7 hobgoblins
  3 jackals
  3 quokkas
  10 ball pythons
  A ball python zombie (D:6)
  7 bats
  4 frilled lizards
  A jackal zombie (D:6)
  21 kobolds
  A quokka skeleton (D:5)
  A quokka zombie (D:6)
  13 rats
223 creatures vanquished.

Vanquished Creatures (collateral kills)
  2 slime creatures (D:7)
2 creatures vanquished.

Vanquished Creatures (others)
  A frilled lizard (D:4)
  5 fungi (D:2)
  10 toadstools (D:2)
16 creatures vanquished.

Grand Total: 241 creatures vanquished

Notes
Turn   | Place    | Note
-------+----------+-------------------------------------------
     0 | D:1      | Kurtz the Mummy Chaos Knight began the quest for the Orb.
     0 | D:1      | Reached XP level 1. HP: 18/18 MP: 1/1
    21 | D:1      | XOM: divination: magic mapping
    67 | D:1      | XOM: harmless Conj miscast
   129 | D:1      | Reached XP level 2. HP: 18/24 MP: 2/2
   145 | D:1      | Reached skill level 3 in Maces & Flails
   449 | D:1      | XOM: enchant monster (bad)
   590 | D:1      | Reached XP level 3. HP: 18/29 MP: 3/3
  1061 | D:2      | Found a deep blue altar of Sif Muna.
  1220 | D:2      | Reached skill level 4 in Maces & Flails
  1340 | D:2      | XOM: 9-stop teleportation journey
  1346 | D:2      | Reached XP level 4. HP: 35/35 MP: 4/4
  1363 | D:2      | XOM: harmless Erth miscast
  1384 | D:2      | XOM: harmless Conj miscast
  1486 | D:2      | Reached XP level 5. HP: 13/41 MP: 5/5
  1788 | D:2      | XOM is BORED!
  1788 | D:2      | XOM: severe Chrm miscast
  1885 | D:2      | Found a burning altar of Makhleb.
  1885 | D:2      | Found a radiant altar of Vehumet.
  1956 | D:2      | Reached skill level 5 in Maces & Flails
  2235 | D:3      | Reached XP level 6. HP: 37/47 MP: 6/6
  2309 | D:3      | XOM: 6-stop teleportation journey
  2363 | D:3      | XOM: mild Pois miscast
  2449 | D:2      | XOM: harmless Summ miscast
  2612 | D:2      | Reached skill level 6 in Maces & Flails
  3619 | D:3      | XOM: mild Hex miscast
  3631 | D:4      | XOM: blink monster(s)
  3644 | D:3      | Reached XP level 7. HP: 41/52 MP: 7/7
  3721 | D:4      | XOM: confusion
  3778 | D:4      | XOM: medium Erth miscast
  3848 | D:4      | Found a glowing drain.
  3975 | D:4      | XOM: god gift: metallic pink potion {god gift}
  3977 | Sewer    | Entered a sewer
  3993 | Sewer    | Reached skill level 7 in Maces & Flails
  3995 | Sewer    | XOM: divination: detect creatures
  4033 | Sewer    | XOM: silly message
  4051 | Sewer    | XOM: potion effect (heal wounds)
  4085 | Sewer    | Found a glowing silver altar of Zin.
  4332 | D:4      | XOM: divination: detect items
  4519 | D:4      | Reached skill level 1 in Dodging
  4569 | D:4      | XOM: medium Necr miscast
  4667 | D:4      | Found a staircase to the Ecumenical Temple.
  4720 | D:4      | Found a sparkling altar of Nemelex Xobeh.
  4720 | D:4      | Found a shattered altar of Ashenzari.
  4783 | D:5      | Entered Level 5 of the Dungeon
  4878 | D:5      | XOM: noise
  4904 | D:5      | XOM: blink monster(s)
  5042 | D:5      | Reached XP level 8. HP: 58/58 MP: 8/8
  5053 | D:5      | Reached skill level 8 in Maces & Flails
  5068 | D:5      | XOM: polymorph orc -> bat
  5214 | D:5      | XOM: cleaving
  5254 | D:5      | XOM: god gift: 7 rations
  5276 | D:5      | XOM: cleaving
  5278 | D:5      | XOM: scenery: create altars
  5485 | D:4      | XOM: scenery: create altars
  5488 | D:4      | Found a deep blue altar of Sif Muna.
  5521 | D:5      | XOM: summons 8 friendly demons
  5541 | D:5      | Got an encrusted whip
  5542 | D:5      | Identified the +8 whip of Qyusirane {slash, rElec rC+} (You
                  | found it on level 5 of the Dungeon)
  5847 | D:5      | XOM: summons 2 hostile demons
  5848 | D:5      | Noticed a red devil
  6297 | D:6      | Reached skill level 9 in Maces & Flails
  6390 | D:6      | XOM: scenery: 1 doors open
  6516 | D:6      | XOM: divination: detect items
  6708 | D:6      | Reached XP level 9. HP: 66/66 MP: 9/9
  6978 | D:6      | XOM: cloud trail
  7027 | D:7      | XOM: 3-stop teleportation journey
  7084 | D:7      | XOM: confuse monster(s)
  7093 | D:7      | Noticed Menkaure
  7175 | D:8      | Reached skill level 5 in Fighting
  7761 | D:8      | Killed Menkaure
  7882 | D:2      | XOM: harmless Air miscast
  8006 | D:7      | XOM: cast spell 'Summon Horrible Things'
  8017 | D:7      | Killed a large slime creature
  8093 | D:7      | Reached skill level 10 in Maces & Flails
  8231 | D:7      | XOM: potion effect (invisibility)
  8251 | D:7      | XOM: cast spell 'Summon Butterflies'
  8497 | D:7      | Noticed a deep elf mage
  8501 | D:7      | Killed a deep elf mage
  8502 | D:7      | Noticed a two-headed ogre
  8508 | D:7      | XOM: divination: detect creatures
  8775 | D:8      | Reached XP level 10. HP: 77/77 MP: 10/10
  8856 | D:8      | XOM: enchant monster (bad)
  8862 | D:8      | XOM: divination: detect creatures
  8864 | D:8      | Found a shadowy altar of Dithmenos.
  8950 | D:7      | XOM: mild Necr miscast
  9273 | D:7      | XOM: divination: magic mapping
  9318 | D:7      | Killed a two-headed ogre
  9374 | D:8      | Found a white marble altar of Elyvilon.
  9647 | D:8      | Found a basalt altar of Yredelemnul.
  9683 | D:8      | Noticed Harold
  9688 | D:8      | XOM: divination: detect creatures
  9690 | D:8      | HP: 1/79 [Harold/+1 trident of protection (8)]
  9691 | D:8      | Slain by a killer bee

Levels and vault maps discovered:
D:1:      dpeg_arrival_stonehenge_8_columns, layout_basic, serial_curves,
          eino_curves_02, eino_curves_03
D:2:      cheibrodos_fertilizer, layout_loops_ring,
          gammafunk_temple_overflow_wave, minmay_hexomino_r4
D:3:      minmay_wonky_spiral, layout_loops_ring, minmay_shallow_snake_nest
D:4:      layout_cave_pools, nicolae_overflow_hidden_temple,
          gammafunk_temple_overflow_statue, temple_green, portal_sewer_entry_e,
          serial_forest, infiniplex_forest_lined_room_,
          infiniplex_forest_lined_4_way, infiniplex_forest_clump_small,
          infiniplex_forest_lined_room_2, infiniplex_forest_lined_1
D:5:      layout_basic, first_ration
D:6:      layout_basic
D:7:      minmay_cornered_nines, layout_rooms, uniq_menkaure
D:8:      layout_loops_ring, kennysheep_ying_yang,
          nicolae_dithmenos_the_darkroom, minitemple, tgw_xom,
          gammafunk_temple_overflow_forgotten, uniq_harold, uniq_maurice

Skill      XL: |  1  2  3  4  5  6  7  8  9 10 |
---------------+-------------------------------+-----
Maces & Flails | 3 4 5 6 7 9 10 | 10.7
Dodging        | 1 2 4 |  4.5
Fighting       | 4 6 7 |  7.1
Armour         | 2 |  2.6

Action                   |  1- 3 |  4- 6 |  7- 9 | 10-12 || total
-------------------------+-------+-------+-------+-------++-------
Melee: Mace              |   114 |   205 |   230 |       ||   549
       Whip              |       |       |   206 |    56 ||   262
Throw: Dart              |       |       |     2 |     5 ||     7
       Boomerang         |       |       |     9 |       ||     9
       Throwing net      |       |       |     2 |     1 ||     3
  Use: Scroll            |       |       |     5 |       ||     5
 Stab: Confused          |     1 |       |     4 |       ||     5
       Sleeping          |       |     2 |       |       ||     2
       Paralysed         |       |     1 |     6 |       ||     7
       Petrifying        |       |     3 |       |       ||     3
       Invisible         |       |       |    10 |       ||    10
       Held in net/web   |       |       |     3 |     1 ||     4
Armor: Leather armour    |    52 |    70 |    63 |       ||   185
       Chain mail        |       |       |    18 |       ||    18
       Plate armour      |       |       |    40 |    29 ||    69
       Troll leather arm |       |       |     9 |       ||     9
Dodge: Dodged            |    81 |   142 |   190 |    16 ||   429

Table legend:
 A = Non-vault XP
 B = Vault XP
 C = Vault XP percentage of total XP
 D = Non-vault monster count
 E = Vault monster count
 F = Vault count percentage of total count
                 A         B        C        D         E       F
            +---------+---------+-------+---------+---------+-------
      Total |    4633 |    2648 |  36.4 |     168 |      58 |  25.7
            +---------+---------+-------+---------+---------+-------
        D:1 |      34 |       0 |   0.0 |      18 |       0 |   0.0
        D:2 |      95 |     203 |  68.1 |      21 |      22 |  51.2
        D:3 |     385 |      22 |   5.4 |      34 |       7 |  17.1
        D:4 |     358 |      35 |   8.9 |      13 |       8 |  38.1
        D:5 |     975 |       0 |   0.0 |      17 |       0 |   0.0
        D:6 |     570 |       0 |   0.0 |      22 |       0 |   0.0
        D:7 |    1604 |    1675 |  51.1 |      30 |       4 |  11.8
        D:8 |     612 |     552 |  47.4 |      13 |       7 |  35.0
      Sewer |       0 |     161 | 100.0 |       0 |      10 | 100.0
            +---------+---------+-------+---------+---------+-------
